 Dungeon Crawl Stone Soup version 0.27.1-3-gb3d3a73c9e (webtiles) character file.

Game seed: 14997215939103718146

39 Icepheonix32 the Skirmisher (level 3, 0/29 HPs)
             Began as a Demonspawn Fighter on Oct 27, 2021.
             Slain by a hound (5 damage)
             ... on level 2 of the Dungeon.
             The game lasted 00:01:14 (1247 turns).

Icepheonix32 the Skirmisher (Demonspawn Fighter)    Turns: 1247, Time: 00:01:14

Health: 0/29       AC:  6    Str: 17    XL:     3   Next: 28%
Magic:  3/3        EV:  7    Int:  9    God:
Gold:   58         SH:  9    Dex: 12    Spells: 2/2 levels left

rFire    . . .     SeeInvis .   a - +0 rapier
rCold    . . .     Faith    .   c - +0 kite shield
rNeg     . . .     Spirit   .   b - +0 scale mail
rPois    .         Reflect  .   (helmet restricted)
rElec    .         Harm     .   (no cloak)
rCorr    .         Rampage  .   (no gloves)
Will     .....                  (no boots)
Stlth    ..........             (no amulet)
HPRegen  0.09/turn              (no ring)
MPRegen  0.08/turn              (no ring)

@: no status effects
A: antennae 1, foul stench 1
a: no special abilities


You were on level 2 of the Dungeon.
You visited 1 branch of the dungeon, and saw 2 of its levels.

You collected 58 gold pieces.

Inventory:

Hand Weapons
 a - a +0 rapier (weapon)
Armour
 b - a +0 scale mail (worn)
 c - a +0 kite shield (worn)
Scrolls
 f - 2 scrolls of identify {unknown}
 g - 2 scrolls of enchant weapon {unknown}
 h - a scroll of torment {unknown}
Potions
 d - a potion of might
 e - a potion of curing {unknown}


   Skills:
 + Level 3.3 Fighting
 - Level 2.0 Short Blades
 + Level 3.1 Armour
 + Level 0.3 Dodging
 + Level 3.1 Shields


You had 2 spell levels left.
You didn't know any spells.
Your spell library was empty.

Dungeon Overview and Level Annotations

Branches:
Dungeon (2/15)

Altars:


Innate Abilities, Weirdness & Mutations

You have a pair of small antennae on your head.
You may rarely emit foul miasma when damaged in melee.


Message History

You hit the kobold but do no damage.
The kobold is severely wounded.
You block the kobold's attack.
You hit the kobold.
You kill the kobold!
The hound bites you.
You closely miss the hound. The hound bites you. You block the hound's attack.
You barely miss the hound. The hound bites you. x2
You are too injured to fight recklessly!
You are too injured to fight recklessly!
You are too injured to fight recklessly!
You are too injured to fight recklessly!
You are too injured to fight recklessly!
You are too injured to fight recklessly!
You are too injured to fight recklessly!
You are too injured to fight recklessly!
You are too injured to fight recklessly!
You are too injured to fight recklessly!
You are too injured to fight recklessly!
You are too injured to fight recklessly!
You are too injured to fight recklessly!
You are too injured to fight recklessly!
You are too injured to fight recklessly!
You are too injured to fight recklessly!
You are too injured to fight recklessly!
The hound bites you.
* * * LOW HITPOINT WARNING * * *
You miss the hound. You block the hound's attack.
The hobgoblin barely misses you. You block the hound's attack.
You hit the hound but do no damage. You block the hound's attack.
The hobgoblin completely misses you.
You hit the hound.
The hound is moderately wounded.
The hound pauses to sniff the ground.
You block the hound's attack. The hound barely misses you.
The hobgoblin hits you.
* * * LOW HITPOINT WARNING * * *
The hound barely misses you. The hound bites you.
You die...

#....................
#######.............†......
.....###...................
.....####..........##...)..
.............#.####......##
......#.######.# #......#
........# #.####......##
......### ####.##.J........
.....## #.....@h#........
.....# ...##.####J.......
.....# #.# #{#####.. .....#
..# ..# .. ####..# ...# #
#... ...#. # .## .... . ..
. ..... . ..# ...... (#


You could see a hound and an endoplasm.

Vanquished Creatures
  A dart slug (D:2)
  2 ball pythons (D:1)
  3 endoplasms
  3 giant cockroaches
  3 goblins (D:1)
  A hobgoblin (D:1)
  2 jackals (D:1)
  2 quokkas (D:2)
  4 bats (D:1)
  2 frilled lizards (D:2)
  8 kobolds
  5 rats
36 creatures vanquished.

Notes
Turn   | Place    | Note
-------+----------+-------------------------------------------
     0 | D:1      | Icepheonix32 the Demonspawn Fighter began the quest for the
                  | Orb.
     0 | D:1      | Reached XP level 1. HP: 18/18 MP: 1/1
   225 | D:1      | Gained mutation: You may rarely emit foul miasma when
                  | damaged in melee. [demonic ancestry]
   225 | D:1      | Reached XP level 2. HP: 20/24 MP: 2/2
   479 | D:1      | Found a faded altar of an unknown god.
   895 | D:2      | Gained mutation: You have a pair of small antennae on your
                  | head. [demonic ancestry]
   895 | D:2      | Reached XP level 3. HP: 29/29 MP: 3/3
  1247 | D:2      | Slain by a hound

Illustrated notes

Levels and vault maps discovered:
D:1:      lightli_arrival_farm, layout_basic, basic_ecumenical_altar
D:2:      layout_rooms, basic_altar, grunt_ministairs_9,
          kennysheep_generic_room_13, uniq_jessica, uniq_crazy_yiuf_cottage

Skill      XL: |  1  2 |
---------------+-------+-----
Shields        | 3 |  3.1
Armour         | 3 |  3.1
Short Blades   | 2 |  2.0
Fighting       | |  3.3
Dodging        | |  0.3

Action                   || total
-------------------------++-------
Melee: Rapier            ||   114
Armor: Scale mail        ||    56
Dodge: Dodged            ||    34
Block: Kite shield       ||    69
